[Event "URU-ch Semi Final 2020"]
[Site "Montevideo"]
[Date "2020.02.23"]
[Round "4.10"]
[White "Suarez, Pedro"]
[Black "Salguero, Rafael"]
[Result "1-0"]
[ECO "D35"]
[WhiteElo "2063"]
[BlackElo "1906"]
[Annotator "ChessBase"]
[PlyCount "105"]
[EventDate "2020.02.22"]
[EventType "swiss"]
[EventCountry "URU"]
[SourceTitle "playchess.com"]
[Source "ChessBase"]
[SourceQuality "1"]
[TimeControl "5400+30"]

1. d4 d5 2. c4 e6 3. Nc3 Nf6 4. cxd5 exd5 5. Bg5 c6 6. e3 Bf5 7. Bd3 Bxd3 8. Qxd3 Nbd7 9. Nge2 Bd6 10. f3 Qc7 11. e4 dxe4 12. fxe4 Bxh2 13. Qh3 Bd6 14. e5 Nxe5 15. dxe5 Bxe5 16. O-O-O Nd5 17. Kb1 f6 18. Nxd5 cxd5 19. Qe6+ Qe7 20. Qxe7+ Kxe7 21. Be3 d4 22. Bxd4 Bxd4 23. Nxd4 g6 24. Nb5 f5 25. Rd6 a6 26. Re1+ Kf7 27. Rd7+ Kf6 28. Nc3 b5 29. Nd5+ Kg5 30. Nc7 Rac8 31. Ree7 Kg4 32. Rxh7 Kg3 33. Rxh8 Rxh8 34. Rg7 Rh6 35. Ne6 Kxg2 36. Nf4+ Kf3 37. Nxg6 f4 38. Kc2 a5 39. Kd3 Rh5 40. Rf7 Rd5+ 41. Kc3 Rc5+ 42. Kb3 a4+ 43. Ka3 Ke3 44. Nxf4 Rc2 45. Nd5+ Kd4 46. Nb4 Rh2 47. Rc7 Rh3+ 48. b3 Rg3 49. Nc2+ Kd5 50. Kb4 axb3 51. axb3 Kd6 52. Rc3 Rg5 53. Na3 1-0

[Event "URU-ch Semi Final 2020"]
[Site "Montevideo"]
[Date "2020.02.23"]
[Round "4.11"]
[White "Lanzilotta, Marcelo"]
[Black "Palacio, Enzo"]
[Result "1-0"]
[ECO "B20"]
[WhiteElo "2003"]
[BlackElo "1869"]
[Annotator "NA"]
[PlyCount "67"]
[EventDate "2020.02.22"]
[EventType "swiss"]
[EventCountry "URU"]
[SourceTitle "playchess.com"]
[Source "ChessBase"]
[SourceQuality "1"]
[TimeControl "5400+30"]

1. e4 c5 2. d3 Nc6 3. Nf3 g6 4. g3 Bg7 5. Bg2 e5 6. O-O Nge7 7. Be3 d6 8. c3 O-O 9. Qd2 Rb8 10. Bh6 Bxh6 11. Qxh6 f6 12. Nbd2 Be6 13. Bh3 Qd7 14. Bxe6+ Qxe6 15. Nc4 d5 16. Ncd2 d4 17. Nb3 b6 18. c4 Kh8 19. a3 Qg4 20. Kg2 g5 21. h3 Qe6 22. Nxg5 Qg8 23. Nf3 Ng6 24. Kh2 Nce7 25. h4 Rf7 26. Nbd2 Rg7 27. Rg1 Qf7 28. Rae1 Rf8 29. h5 Ng8 30. hxg6 Rxg6 31. Qh3 Nh6 32. Nh4 Ng4+ 33. Kg2 Rg5 34. Ndf3 1-0

[Event "URU-ch Semi Final 2020"]
[Site "Montevideo"]
[Date "2020.02.23"]
[Round "4.12"]
[White "Avedisian, Alexander"]
[Black "Rey, Fernando"]
[Result "1-0"]
[ECO "A00"]
[WhiteElo "1892"]
[BlackElo "1640"]
[Annotator "NA"]
[PlyCount "55"]
[EventDate "2020.02.22"]
[EventType "swiss"]
[EventCountry "URU"]
[SourceTitle "playchess.com"]
[Source "ChessBase"]
[SourceQuality "1"]
[TimeControl "5400+30"]

1. g3 c5 2. Bg2 Nc6 3. Nf3 g6 4. O-O Bg7 5. c3 e5 6. d4 cxd4 7. cxd4 e4 8. Ne5 d5 9. Nc3 Nge7 10. Bg5 f6 11. Nxc6 bxc6 12. Bf4 O-O 13. Na4 Be6 14. Qb3 g5 15. Nc5 Bc8 16. Bd2 Qb6 17. Qa3 Rf7 18. Ba5 Qb5 19. e3 Bf8 20. Qc3 Nf5 21. a4 Qb8 22. b4 Nd6 23. Rab1 a6 24. Rfc1 Nc4 25. Nxe4 Nxa5 26. bxa5 Qc7 27. Nd2 Bd7 28. Bxd5 1-0

[Event "URU-ch Semi Final 2020"]
[Site "Montevideo"]
[Date "2020.02.23"]
[Round "4.13"]
[White "Ruggiero, Alvaro"]
[Black "Garcia, Matias"]
[Result "1-0"]
[ECO "B01"]
[WhiteElo "1843"]
[BlackElo "1810"]
[Annotator "NA RC"]
[PlyCount "77"]
[EventDate "2020.02.22"]
[EventType "swiss"]
[EventCountry "URU"]
[SourceTitle "playchess.com"]
[Source "ChessBase"]
[SourceQuality "1"]
[TimeControl "5400+30"]

1. e4 d5 2. exd5 Qxd5 3. d4 e5 4. dxe5 Qxd1+ 5. Kxd1 Nc6 6. Nf3 Bg4 7. Bd3 O-O-O 8. Re1 Nb4 9. Kd2 Be7 10. Nc3 c5 11. Ke2 c4 12. Be4 f5 13. exf6 Nxf6 14. Kf1 Rhe8 15. a3 Nxe4 16. Rxe4 Bxf3 17. gxf3 Nxc2 18. Rxc4+ Kb8 19. Bf4+ Bd6 20. Bxd6+ Rxd6 21. Rc1 Nd4 22. Ne4 Rc6 23. Rxc6 Nxc6 24. Rc3 a6 25. Rb3 Ka7 26. Rxb7+ Kxb7 27. Nd6+ Kb6 28. Nxe8 Na5 29. Nxg7 Nc4 30. f4 Nxb2 31. f5 Kc6 32. Ne6 Kd6 33. Ke2 Nc4 34. a4 Nb2 35. a5 Nc4 36. Nd8 Nxa5 37. f6 Kd7 38. f7 Ke7 39. Ne6 1-0

[Event "URU-ch Semi Final 2020"]
[Site "Montevideo"]
[Date "2020.02.23"]
[Round "4.14"]
[White "Soto, Nicolas"]
[Black "Osinaga, Eduardo"]
[Result "1-0"]
[ECO "B54"]
[WhiteElo "2002"]
[BlackElo "1697"]
[Annotator "NA"]
[PlyCount "73"]
[EventDate "2020.02.22"]
[EventType "swiss"]
[EventCountry "URU"]
[SourceTitle "playchess.com"]
[Source "ChessBase"]
[SourceQuality "1"]
[TimeControl "5400+30"]

1. e4 c5 2. Nf3 d6 3. d4 cxd4 4. Nxd4 e5 5. Nb3 h6 6. Nc3 Nf6 7. f3 Be7 8. Be3 Be6 9. Qd2 O-O 10. O-O-O a6 11. Kb1 Nbd7 12. g4 Nh7 13. h4 Bxh4 14. Bxh6 Nc5 15. Be3 Nxb3 16. axb3 g5 17. Qxd6 Qf6 18. Be2 b5 19. Nd5 Bxd5 20. Rxd5 Rfe8 21. Qxf6 Nxf6 22. Rd6 Kg7 23. Rhd1 Nh7 24. Rb6 Nf8 25. Rdd6 Re6 26. c4 Rxd6 27. Rxd6 b4 28. c5 a5 29. Ra6 Rxa6 30. Bxa6 Ne6 31. c6 Kf8 32. Bb6 Be1 33. c7 Nxc7 34. Bxc7 f6 35. Bxa5 Ke7 36. Kc2 Kd6 37. Kd1 1-0

[Event "URU-ch Semi Final 2020"]
[Site "Montevideo"]
[Date "2020.02.23"]
[Round "4.15"]
[White "Zaruski, Julio"]
[Black "Campora, Edgardo"]
[Result "1/2-1/2"]
[ECO "A05"]
[WhiteElo "1822"]
[BlackElo "1676"]
[Annotator "NA"]
[PlyCount "112"]
[EventDate "2020.02.22"]
[EventType "swiss"]
[EventCountry "URU"]
[SourceTitle "playchess.com"]
[Source "ChessBase"]
[SourceQuality "1"]
[TimeControl "5400+30"]

1. Nf3 Nf6 2. b3 g6 3. Bb2 Bg7 4. e3 O-O 5. Be2 b6 6. O-O Bb7 7. d3 c5 8. Nbd2 d5 9. c4 e6 10. Rc1 Nbd7 11. cxd5 exd5 12. Re1 Re8 13. Bf1 Rc8 14. g3 Ba6 15. e4 Bb7 16. exd5 Rxe1 17. Qxe1 Nxd5 18. Bxg7 Kxg7 19. d4 cxd4 20. Rxc8 Bxc8 21. Nxd4 Qf6 22. N2f3 Ne7 23. Bg2 Nf5 24. Qc3 Nxd4 25. Qxd4 Nc5 26. Qxf6+ Kxf6 27. Nd4 Bd7 28. Kf1 Ne6 29. Nc6 a5 30. a3 Nc5 31. b4 axb4 32. Nxb4 Bb5+ 33. Ke1 Nd3+ 34. Nxd3 Bxd3 35. Kd2 Bb5 36. Bd5 Be8 37. f4 Kf5 38. Bf3 f6 39. Ke3 g5 40. Be4+ Kg4 41. Bxh7 Kh3 42. fxg5 fxg5 43. Kf3 Kxh2 44. Kg4 Bd7+ 45. Kxg5 Kxg3 46. Kf6 Kf4 47. Ke7 Ba4 48. Kd6 Ke3 49. Kc7 Kd4 50. Kxb6 Kc3 51. Ka5 Bd1 52. Bg8 Bc2 53. Bf7 Bd1 54. Be6 Bc2 55. Kb5 Bd1 56. a4 Bxa4+ 1/2-1/2

[Event "URU-ch Semi Final 2020"]
[Site "Montevideo"]
[Date "2020.02.23"]
[Round "4.16"]
[White "Davila Texeira, Mario"]
[Black "Blanco, Rudemar Ernesto"]
[Result "1-0"]
[ECO "A05"]
[WhiteElo "1819"]
[BlackElo "1470"]
[Annotator "NA"]
[PlyCount "133"]
[EventDate "2020.02.22"]
[EventType "swiss"]
[EventCountry "URU"]
[SourceTitle "playchess.com"]
[Source "ChessBase"]
[SourceQuality "1"]
[TimeControl "5400+30"]

1. Nf3 Nf6 2. g3 d5 3. b3 Bf5 4. Bb2 e6 5. Bg2 c6 6. O-O h6 7. d3 Nbd7 8. Nbd2 Be7 9. c4 O-O 10. h3 Bh7 11. Re1 Nc5 12. b4 Ncd7 13. Qb3 Rb8 14. a4 a5 15. bxa5 Qxa5 16. Bc3 Qc7 17. Reb1 Nc5 18. Qb2 b6 19. Ne5 Ncd7 20. Ndf3 Bd6 21. Nxd7 Qxd7 22. Bxf6 gxf6 23. cxd5 cxd5 24. Qxf6 Bg6 25. Ne5 Qd8 26. Qxd8 Rbxd8 27. Nxg6 fxg6 28. e3 Rb8 29. d4 Rfc8 30. Rc1 Kf7 31. Bf1 Ke7 32. Bd3 g5 33. Ba6 Rc7 34. Rxc7+ Bxc7 35. Rc1 Bd6 36. Rc6 Kd7 37. Bb5 Ke7 38. Kg2 h5 39. Be2 h4 40. gxh4 gxh4 41. Bb5 e5 42. dxe5 Bxe5 43. Rh6 Rg8+ 44. Kf1 Bf6 45. Bc6 Ke6 46. Bxd5+ Kxd5 47. Rxf6 Ra8 48. Rxb6 Rxa4 49. Rh6 Ke5 50. Ke2 Kf5 51. Kf3 Rb4 52. Rd6 Kg5 53. Rd5+ Kg6 54. Rd4 Rb7 55. Rxh4 Kg5 56. Rg4+ Kh5 57. Kg3 Re7 58. e4 Rb7 59. f3 Re7 60. h4 Rb7 61. Rg5+ Kh6 62. e5 Ra7 63. f4 Ra3+ 64. Kg4 Ra1 65. e6 Re1 66. Kf5 Re2 67. Kf6 1-0

[Event "URU-ch Semi Final 2020"]
[Site "Montevideo"]
[Date "2020.02.23"]
[Round "4.17"]
[White "Miraballes Lopez, Andres"]
[Black "De los Reyes, Mauro"]
[Result "1/2-1/2"]
[ECO "C55"]
[WhiteElo "1676"]
[BlackElo "1815"]
[Annotator "NA"]
[PlyCount "34"]
[EventDate "2020.02.22"]
[EventType "swiss"]
[EventCountry "URU"]
[SourceTitle "playchess.com"]
[Source "ChessBase"]
[SourceQuality "1"]
[TimeControl "5400+30"]

1. e4 e5 2. Nf3 Nc6 3. Bc4 Nf6 4. c3 d6 5. d3 h6 6. Bb3 Be7 7. O-O Bg4 8. h3 Be6 9. Bc2 Qd7 10. Nbd2 g5 11. d4 exd4 12. cxd4 d5 13. Ne5 Nxe5 14. dxe5 Nxe4 15. Nxe4 dxe4 16. Qxd7+ Bxd7 17. Bxe4 O-O-O 1/2-1/2

[Event "URU-ch Semi Final 2020"]
[Site "Montevideo"]
[Date "2020.02.23"]
[Round "4.18"]
[White "Torales, Agustin"]
[Black "Larrea, Daniela"]
[Result "1/2-1/2"]
[ECO "B40"]
[WhiteElo "1623"]
[BlackElo "1757"]
[Annotator "NA RC"]
[PlyCount "54"]
[EventDate "2020.02.22"]
[EventType "swiss"]
[EventCountry "URU"]
[SourceTitle "playchess.com"]
[Source "ChessBase"]
[SourceQuality "1"]
[TimeControl "5400+30"]

1. e4 c5 2. Nf3 e6 3. d4 cxd4 4. Nxd4 Nf6 5. Nc3 Nc6 6. a3 d5 7. exd5 Nxd5 8. Nxc6 bxc6 9. Qf3 Rb8 10. Be2 Bb7 11. O-O Qc7 12. Ne4 Be7 13. Bd3 Nf6 14. Re1 Nxe4 15. Bxe4 Bd6 16. Qh3 h6 17. c3 c5 18. b4 a5 19. bxc5 Bxc5 20. Bxb7 Rxb7 21. Be3 Bxe3 22. Qxe3 O-O 23. Rec1 Rc8 24. c4 Qc5 25. Qxc5 Rxc5 26. Rc3 a4 27. Kf1 Rb2 1/2-1/2

[Event "URU-ch Semi Final 2020"]
[Site "Montevideo"]
[Date "2020.02.23"]
[Round "4.20"]
[White "Belbey, Juan"]
[Black "Manteiga, Franco"]
[Result "0-1"]
[ECO "E00"]
[WhiteElo "1611"]
[BlackElo "1703"]
[Annotator "NA"]
[PlyCount "122"]
[EventDate "2020.02.22"]
[EventType "swiss"]
[EventCountry "URU"]
[SourceTitle "playchess.com"]
[Source "ChessBase"]
[SourceQuality "1"]
[TimeControl "5400+30"]

1. d4 Nf6 2. c4 e6 3. f3 d5 4. Nc3 c5 5. Bg5 cxd4 6. Qxd4 Nc6 7. Qh4 Be7 8. O-O-O Qa5 9. e3 h6 10. cxd5 Nxd5 11. Bxe7 Ndxe7 12. Bb5 O-O 13. Nh3 Nf5 14. Qe4 Qb6 15. Rhe1 a6 16. Bd3 Qb4 17. g4 Qxe4 18. Bxe4 Nfe7 19. g5 e5 20. gxh6 Bxh3 21. hxg7 Kxg7 22. Rd6 f5 23. Bc2 Rh8 24. Rg1+ Kf7 25. Nd1 Rad8 26. Bb3+ Ke8 27. Rf6 Kd7 28. Nf2 Rh4 29. Kd2 Kc7+ 30. Ke2 Rdh8 31. Be6 R8h6 32. Rxh6 Rxh6 33. Bb3 e4 34. f4 Bg4+ 35. Nxg4 fxg4 36. Rg2 Kd6 37. Bc2 Ke6 38. Bxe4 Kf6 39. a3 Rh3 40. Rxg4 Rxh2+ 41. Bg2 Rh5 42. e4 Rb5 43. b4 a5 44. e5+ Kf5 45. Rh4 axb4 46. a4 Ra5 47. Ke3 Rxa4 48. Be4+ Ke6 49. Rh6+ Kf7 50. e6+ Kg7 51. Rh7+ Kg8 52. Rf7 b3 53. f5 Rxe4+ 54. Kxe4 b2 55. f6 b1=Q+ 56. Kf4 Qb4+ 57. Kg5 Qd2+ 58. Kh5 Qd5+ 59. Kh6 Qxe6 60. Rg7+ Kf8 61. Kh7 Qh3# 0-1

[Event "URU-ch Semi Final 2020"]
[Site "Montevideo"]
[Date "2020.02.23"]
[Round "4.21"]
[White "Amaral, Francisco"]
[Black "Svarcas, Anibal"]
[Result "1-0"]
[ECO "A30"]
[WhiteElo "1567"]
[BlackElo "1672"]
[Annotator "NA"]
[PlyCount "69"]
[EventDate "2020.02.22"]
[EventType "swiss"]
[EventCountry "URU"]
[SourceTitle "playchess.com"]
[Source "ChessBase"]
[SourceQuality "1"]
[TimeControl "5400+30"]

1. c4 c5 2. g3 g6 3. Bg2 Bg7 4. Nf3 Nf6 5. d4 cxd4 6. Nxd4 O-O 7. Nc3 e5 8. Ndb5 Nc6 9. O-O a6 10. Nd6 Qc7 11. Nce4 Nxe4 12. Bxe4 Nd4 13. e3 Qxd6 14. exd4 Qxd4 15. Qxd4 exd4 16. Bf4 Re8 17. Rae1 d6 18. Bxd6 Bh3 19. Bg2 Bxg2 20. Kxg2 Red8 21. c5 Bf8 22. Bxf8 Kxf8 23. Rc1 Rd5 24. Rfd1 Ke7 25. Kf3 f5 26. Rc4 Rad8 27. Ke2 Kf6 28. h4 d3+ 29. Kd2 Ke6 30. c6 bxc6 31. Rxc6+ Ke5 32. Re1+ Kd4 33. Re3 a5 34. Rxd3+ Ke5 35. f4+ {Ke6} 1-0

[Event "URU-ch Semi Final 2020"]
[Site "Montevideo"]
[Date "2020.02.23"]
[Round "4.22"]
[White "Cayetano, Juan"]
[Black "Nakle, Gonzalo"]
[Result "1/2-1/2"]
[ECO "B40"]
[WhiteElo "1543"]
[BlackElo "1675"]
[Annotator "NA"]
[PlyCount "113"]
[EventDate "2020.02.22"]
[EventType "swiss"]
[EventCountry "URU"]
[SourceTitle "playchess.com"]
[Source "ChessBase"]
[SourceQuality "1"]
[TimeControl "5400+30"]

1. e4 c5 2. Nf3 e6 3. c3 Nf6 4. e5 Nd5 5. c4 Nb6 6. Nc3 Nc6 7. Bd3 Qc7 8. Qe2 a6 9. O-O g6 10. b3 Bg7 11. Re1 O-O 12. Bb2 d5 13. exd6 Qxd6 14. Ne4 Qe7 15. Bxg7 Kxg7 16. Qe3 Nd7 17. a3 h6 18. Bc2 b6 19. d4 cxd4 20. Nxd4 Nxd4 21. Qxd4+ e5 22. Qc3 Bb7 23. Rad1 Bxe4 24. Bxe4 Rad8 25. Qb2 Nc5 26. Bd5 f6 27. b4 Ne6 28. Rd2 Nf4 29. Red1 Qd7 30. Qc2 Qg4 31. Bf3 Qc8 32. Qe4 Ne6 33. Bg4 Rxd2 34. Rxd2 Rd8 35. Rd5 Rxd5 36. Qxd5 Kf7 37. c5 f5 38. Be2 bxc5 39. Bc4 cxb4 40. axb4 e4 41. g3 Ke7 42. Kg2 Qd7 43. Qxd7+ Kxd7 44. Bxa6 Kc7 45. Bc4 Nd4 46. h4 g5 47. hxg5 hxg5 48. Kf1 Kd6 49. Kg2 Nc2 50. b5 Kc5 51. Be6 Nd4 52. Bd7 f4 53. gxf4 gxf4 54. Be8 Nxb5 55. Bg6 Nc3 56. Bxe4 Nxe4 57. Kf3 1/2-1/2

[Event "URU-ch Semi Final 2020"]
[Site "Montevideo"]
[Date "2020.02.23"]
[Round "4.23"]
[White "Lima Abadal, Nicolas"]
[Black "Bon, Charles"]
[Result "0-1"]
[ECO "B23"]
[WhiteElo "1646"]
[BlackElo "1614"]
[Annotator "NA RC"]
[PlyCount "84"]
[EventDate "2020.02.22"]
[EventType "swiss"]
[EventCountry "URU"]
[SourceTitle "playchess.com"]
[Source "ChessBase"]
[SourceQuality "1"]
[TimeControl "5400+30"]

1. e4 c5 2. Nc3 d6 3. Bb5+ Bd7 4. Bxd7+ Qxd7 5. f4 Nc6 6. Nf3 Nf6 7. d3 e6 8. O-O Be7 9. Bd2 O-O 10. Qe1 Rac8 11. Qg3 Nd4 12. Rac1 b5 13. Nxd4 cxd4 14. Ne2 e5 15. fxe5 dxe5 16. Qxe5 Rfd8 17. Qf5 Qc7 18. e5 Rd5 19. Bf4 Qc6 20. Bg5 Re8 21. Qf4 h6 22. Bxh6 gxh6 23. exf6 Rg5 24. Ng3 Bd6 25. Qf3 Qc7 26. c3 dxc3 27. Rxc3 Qb6+ 28. Kh1 Bxg3 29. hxg3 Re3 30. Rc8+ Kh7 31. Qc6 Qd4 32. Rh8+ Kxh8 33. Qc8+ Rg8 34. Qh3 Rg6 35. Qc8+ Kh7 36. Qc7 Rxf6 37. Rxf6 Qxf6 38. Qxa7 Rxg3 39. Qb7 Qf1+ 40. Kh2 Qf4 41. Kg1 Rxd3 42. Qe7 Rd1+ 0-1

[Event "URU-ch Semi Final 2020"]
[Site "Montevideo"]
[Date "2020.02.23"]
[Round "5.15"]
[White "Palacio, Enzo"]
[Black "Larrea, Daniela"]
[Result "1-0"]
[ECO "B40"]
[WhiteElo "1869"]
[BlackElo "1757"]
[Annotator "NA RC"]
[PlyCount "97"]
[EventDate "2020.02.22"]
[EventType "swiss"]
[EventCountry "URU"]
[SourceTitle "playchess.com"]
[Source "ChessBase"]
[SourceQuality "1"]
[TimeControl "5400+30"]

1. e4 c5 2. Nf3 e6 3. d4 cxd4 4. Nxd4 Nf6 5. Nc3 Nc6 6. Ndb5 Bb4 7. a3 Bxc3+ $1 8. Nxc3 d5 9. exd5 Nxd5 10. Bd2 O-O 11. Bd3 Ne5 {[%emt 0:04:30] B45: Sicilian Four Knights.} (11... e5 $11 {keeps the balance.}) 12. Bxh7+ Kxh7 13. Qh5+ Kg8 14. Qxe5 Nb6 {[%emt 0:05:37] [#]} (14... f6 $16 {keeps fighting.} 15. Qe4 b6) 15. b3 $146 ({Predecessor:} 15. O-O-O Nc4 16. Qc5 b5 17. Bf4 Qf6 18. Bg5 Qf5 19. Qxf8+ Kh7 20. Be3 Bb7 21. Qc5 e5 22. Qxb5 Nxe3 23. fxe3 Bxg2 24. Rhg1 Bh3 25. Qd3 {1-0 (25) Eschholz,E-Hoffmann,J Schwabstedt 1994}) 15... Bd7 16. O-O Bc6 17. Bg5 Qb8 18. Qxb8 Raxb8 19. Be3 Rbd8 20. Bxb6 axb6 21. Rfd1 Rxd1+ 22. Rxd1 Ra8 23. a4 Kf8 24. f3 Ke7 25. Kf2 Rh8 26. h3 Rh5 27. Rd4 Rc5 28. Rd3 Re5 29. Na2 b5 30. a5 b4 31. a6 bxa6 32. Nxb4 Rc5 33. Nxc6+ Rxc6 34. c4 a5 $1 $11 {[%emt 0:00:33] and Black is okay.} 35. Kg3 Rc5 36. Kf2 a4 $2 37. bxa4 Rxc4 38. Ra3 Rc2+ 39. Kg3 Rc6 40. a5 Ra6 41. Kf4 Kd6 42. g4 f6 43. h4 Kc5 44. Ke4 Kb5 45. f4 Ra8 {[%emt 0:05:27] [#]} 46. a6 $1 Kb6 {[%emt 0:00:21] [#]} 47. a7 $18 Kb7 48. g5 fxg5 49. fxg5 1-0

[Event "URU-ch Semi Final 2020"]
[Site "Montevideo"]
[Date "2020.02.23"]
[Round "5.16"]
[White "Rey, Fernando"]
[Black "Zaruski, Julio"]
[Result "0-1"]
[ECO "B07"]
[WhiteElo "1640"]
[BlackElo "1822"]
[Annotator "NA RC"]
[PlyCount "78"]
[EventDate "2020.02.22"]
[EventType "swiss"]
[EventCountry "URU"]
[SourceTitle "playchess.com"]
[Source "ChessBase"]
[SourceQuality "1"]
[TimeControl "5400+30"]

1. e4 d6 2. d4 Nf6 3. Nc3 g6 4. f3 Bg7 5. Be3 O-O 6. Qd2 c6 7. O-O-O b5 8. g4 Nfd7 {[%emt 0:00:06] B07: Pirc Defence: Miscellaneous Systems.} 9. h4 Nb6 {[%emt 0:00:30] [#]} 10. h5 $146 ({Predecessor:} 10. Bh6 Be6 11. Bxg7 Kxg7 12. b3 h5 13. g5 N8d7 14. d5 cxd5 15. exd5 Bf5 16. Nxb5 {1-0 (34) Ilic,L (2199)-Semsiu,A (1988) Skopje 2012}) 10... Nc4 11. Bxc4 $1 bxc4 12. hxg6 fxg6 13. Bh6 Rf7 14. Bxg7 (14. Nh3 $142) 14... Rxg7 15. Nge2 e6 (15... Qb6 $16 16. e5 d5) 16. Ng3 d5 17. e5 Nd7 18. Rh3 (18. Nge2 $16) 18... Nf8 (18... Rb8 $14) 19. Na4 Rb8 20. c3 ({Better is} 20. Ne2 $16) 20... Qa5 21. Qc2 Rgb7 (21... c5 $14) 22. Kd2 $4 {[%emt 0:00:37] [#]} (22. Rdh1 $18) 22... Qd8 $2 ({Better is} 22... c5 $1 $19 23. Ke3 (23. Nxc5 Rxb2) 23... Bd7 24. Nxc5 Rxb2 {[%mdl 64] Double Attack}) 23. Rb1 Qg5+ 24. Ke2 Rf7 25. Qc1 Qxc1 26. Rxc1 Nd7 27. Rc2 Rb5 28. Ke3 Ra5 29. b3 cxb3 30. axb3 c5 31. dxc5 (31. Nxc5 $14 Nxe5 32. Ne2 (32. dxe5 Rxc5 33. b4 Rc6 $11)) 31... Nxe5 32. Nf1 {[%emt 0:00:54] [#]} (32. Ne2 $15) 32... Nxg4+ $1 33. fxg4 Rxf1 34. Rf3 {[%emt 0:01:13] [#]} ({White should try} 34. Rch2 $15 Rf7 35. Kd4) 34... Rxf3+ ({Better is} 34... Re1+ $1 $19 35. Re2 Rxe2+ 36. Kxe2 Bd7) 35. Kxf3 Bd7 $17 36. Ra2 g5 37. Ke3 e5 38. b4 Rxa4 39. Rxa4 Bxa4 0-1

[Event "URU-ch Semi Final 2020"]
[Site "Montevideo"]
[Date "2020.02.23"]
[Round "5.17"]
[White "De los Reyes, Mauro"]
[Black "Torales, Agustin"]
[Result "1/2-1/2"]
[ECO "B22"]
[WhiteElo "1815"]
[BlackElo "1623"]
[Annotator "NA RC"]
[PlyCount "63"]
[EventDate "2020.02.22"]
[EventType "swiss"]
[EventCountry "URU"]
[SourceTitle "playchess.com"]
[Source "ChessBase"]
[SourceQuality "1"]
[TimeControl "5400+30"]

1. e4 c5 2. c3 d5 3. exd5 Qxd5 4. d4 cxd4 5. Qxd4 Qxd4 6. cxd4 {[%emt 0:00:06] B22: Sicilian: 2 c3.} Nf6 7. Nc3 e6 8. Nb5 Na6 {[%emt 0:01:26] [#]} 9. a3 $146 ({Predecessor:} 9. Bd2 Be7 10. a3 O-O 11. Bd3 Bd7 12. Rc1 Bc6 13. f3 Rfd8 14. Ba5 Rd5 15. Nc7 Nxc7 16. Bxc7 Rxd4 {0-1 (71) Banas,K (2115)-Lanc,A (2366) Slovakia 2002}) 9... Be7 10. Nf3 O-O 11. Be2 Bd7 12. O-O Bxb5 13. Bxb5 Nc7 14. Ba4 Rfd8 15. Be3 Ncd5 16. Rac1 Nb6 17. Bb3 Nfd5 18. Rc2 Bf6 19. h3 h6 20. Rfc1 a5 21. Bxd5 Nxd5 22. b3 Be7 23. a4 f6 24. Bd2 Kf7 25. Rc4 b5 26. axb5 Rdb8 27. Ra1 Rxb5 28. Rca4 Bb4 29. Bxb4 Nxb4 30. Rc1 Nd5 31. Ra3 Ra7 32. g3 $15 1/2-1/2

[Event "URU-ch Semi Final 2020"]
[Site "Montevideo"]
[Date "2020.02.23"]
[Round "5.18"]
[White "Garcia, Matias"]
[Black "Miraballes Lopez, Andres"]
[Result "1-0"]
[ECO "B23"]
[WhiteElo "1810"]
[BlackElo "1676"]
[Annotator "NA RC"]
[PlyCount "61"]
[EventDate "2020.02.22"]
[EventType "swiss"]
[EventCountry "URU"]
[SourceTitle "playchess.com"]
[Source "ChessBase"]
[SourceQuality "1"]
[TimeControl "5400+30"]

1. e4 c5 2. Nc3 Nc6 3. f4 g6 4. Nf3 Bg7 5. Bb5 Nd4 6. O-O Nxb5 7. Nxb5 a6 8. Nc3 Nh6 {[%emt 0:00:44] 8...b5 gains popularity. B23: Closed Sicilian: Lines without g3.} 9. d3 O-O 10. Qe1 e6 {[%emt 0:02:18] [#]} 11. h3 $146 ({Predecessor:} 11. Be3 b6 12. h3 d5 13. Bf2 Bb7 14. e5 Rc8 15. d4 Qd7 16. Rd1 a5 17. dxc5 bxc5 {1-0 (25) Charlton,G-Zybura,A Toronto 2000}) 11... b5 12. e5 Bb7 13. Ne4 Qe7 (13... Nf5 $11 {remains equal.}) 14. Nd6 (14. g4 $16) 14... Bxf3 15. Rxf3 Nf5 16. Be3 Qd8 17. Nxf5 gxf5 18. Bxc5 Re8 19. a4 Qc7 20. Qf2 Rac8 21. d4 f6 (21... b4 $142 22. Qh4 Kh8) 22. Rc3 Qb7 23. axb5 Qxb5 24. Rb3 Qc4 25. Rb4 Qd5 26. Rxa6 fxe5 27. Rd6 Qa8 28. Rxd7 Bh6 29. Qh4 Qa1+ {[%emt 0:01:24] [#]} 30. Kh2 $1 Bxf4+ 31. g3 1-0

[Event "URU-ch Semi Final 2020"]
[Site "Montevideo"]
[Date "2020.02.23"]
[Round "5.19"]
[White "Campora, Edgardo"]
[Black "Lanaro, Emilio"]
[Result "1-0"]
[ECO "B50"]
[WhiteElo "1676"]
[BlackElo "1670"]
[Annotator "NA RC"]
[PlyCount "99"]
[EventDate "2020.02.22"]
[EventType "swiss"]
[EventCountry "URU"]
[SourceTitle "playchess.com"]
[Source "ChessBase"]
[SourceQuality "1"]
[TimeControl "5400+30"]

1. e4 c5 2. Nf3 d6 3. c3 Nf6 4. h3 Nc6 5. Bd3 d5 6. exd5 Qxd5 7. Bc2 Bf5 8. Bxf5 Qxf5 9. O-O e6 10. Na3 Be7 11. d4 O-O 12. dxc5 Bxc5 13. Nc4 Rfd8 14. Qb3 Qd5 15. Bg5 b5 16. Ncd2 Qxb3 17. Nxb3 Be7 18. Nbd4 Nxd4 19. Nxd4 Rd5 20. Bh4 Bc5 21. Nxb5 Bxf2+ 22. Rxf2 Rxb5 23. Bxf6 gxf6 24. c4 Rbb8 25. b3 f5 26. Rd1 a5 27. c5 Rc8 28. Rc2 Rab8 29. c6 Kf8 30. Rd7 Ke8 31. Rb7 Kf8 32. a3 Kg7 33. Rxb8 Rxb8 34. c7 Rc8 35. b4 axb4 36. axb4 Kf6 37. b5 Ke7 38. b6 Kd7 39. Rd2+ Kc6 40. Rb2 Kb7 41. Kf2 Re8 42. Rd2 Ra8 43. Rb2 e5 44. Ke2 f6 45. Kd3 Re8 46. Kc4 e4 47. Kc5 e3 48. Ra2 Re5+ 49. Kd6 e2 50. Ra8 1-0

[Event "URU-ch Semi Final 2020"]
[Site "Montevideo"]
[Date "2020.02.23"]
[Round "5.20"]
[White "Osinaga, Eduardo"]
[Black "Belbey, Juan"]
[Result "0-1"]
[ECO "A11"]
[WhiteElo "1697"]
[BlackElo "1611"]
[Annotator "NA RC"]
[PlyCount "62"]
[EventDate "2020.02.22"]
[EventType "swiss"]
[EventCountry "URU"]
[SourceTitle "playchess.com"]
[Source "ChessBase"]
[SourceQuality "1"]
[TimeControl "5400+30"]

1. e4 a6 2. d4 d6 3. Nf3 g6 4. Bd3 Bg7 5. Be3 Nd7 6. c3 c5 7. d5 Ngf6 8. h3 b5 9. O-O Qc7 10. Bc2 Bb7 11. Nbd2 e6 12. dxe6 fxe6 13. Ng5 Nf8 14. f4 h6 15. Ngf3 e5 16. fxe5 dxe5 17. Qe1 Nh5 18. c4 Ne6 19. Nh4 O-O-O 20. cxb5 axb5 21. Nb3 Nd4 22. Bxd4 exd4 23. Nxg6 d3 24. Bd1 Ng3 25. Rf4 Ne2+ 26. Bxe2 dxe2 27. Qxe2 c4 28. Rc1 Qb6+ 29. Qf2 Qxg6 30. Nc5 Bd4 31. Nxb7 Kxb7 0-1

[Event "URU-ch Semi Final 2020"]
[Site "Montevideo"]
[Date "2020.02.23"]
[Round "5.21"]
[White "Bon, Charles"]
[Black "Blanco, Rudemar Ernesto"]
[Result "1-0"]
[ECO "B07"]
[WhiteElo "1614"]
[BlackElo "1470"]
[Annotator "NA RC"]
[PlyCount "53"]
[EventDate "2020.02.22"]
[EventType "swiss"]
[EventCountry "URU"]
[SourceTitle "playchess.com"]
[Source "ChessBase"]
[SourceQuality "1"]
[TimeControl "5400+30"]

1. e4 d6 2. d4 Nf6 3. Nc3 Nbd7 4. f4 e5 5. fxe5 dxe5 6. dxe5 Nxe5 7. Qxd8+ Kxd8 8. Bf4 Bd6 9. O-O-O Ke7 10. Nf3 Nxf3 11. Bxd6+ cxd6 12. gxf3 a6 13. Bc4 Be6 14. Nd5+ Nxd5 15. Bxd5 Bxd5 16. Rxd5 Rac8 17. Rhd1 Rhd8 18. f4 Rc5 19. Rxc5 dxc5 20. Rxd8 Kxd8 21. Kd2 b5 22. Ke3 Kd7 23. e5 g6 24. Ke4 Ke6 25. h4 h6 26. c3 h5 27. b3 1-0